 Dungeon Crawl Stone Soup version 0.24-a0-284-g9fb9971df1 (webtiles) character file.

Game seed: 1804056457901055032

284 Niddhogr the Tainter (level 6, -1/41 HPs)
             Began as a Formicid Venom Mage on May 5, 2019.
             Slain by Duvessa
             ... wielding a +0 short sword
              (15 damage)
             ... on level 4 of the Dungeon.
             The game lasted 00:09:30 (3875 turns).

Niddhogr the Tainter (Formicid Venom Mage)          Turns: 3875, Time: 00:09:31

Health: -1/41      AC:  3    Str: 13    XL:     6   Next: 54%
Magic:  2/10       EV: 12    Int: 16    God:
Gold:   251        SH:  0    Dex: 11    Spells: 1/11 levels left

rFire    . . .     SeeInvis +   r - +4 quarterstaff (chaos)
rCold    . . .     Gourm    .   (no shield)
rNeg     . . .     Faith    .   a - +0 robe
rPois    .         Spirit   .   (helmet unavailable)
rElec    .         Reflect  .   f - +0 cloak
rCorr    .         Harm     .   (no gloves)
MR       +....                  (no boots)
Stlth    ++........             (no amulet)
HPRegen  0.13/turn              p - ring of flight
MPRegen  0.12/turn              M - ring of protection from magic

@: no status effects
A: permanent stasis, dig shafts and tunnels, four strong arms, antennae 3
a: Dig, Shaft Self, Evoke Flight


You were on level 4 of the Dungeon.
You were not hungry.

You visited 1 branch of the dungeon, and saw 4 of its levels.

You collected 251 gold pieces.

Inventory:

Hand Weapons
 h - a +0 spear
 r - a +4 quarterstaff of chaos (weapon)
Missiles
 Q - 43 arrows
Armour
 a - a +0 robe (worn)
 f - a +0 cloak (worn)
 j - a cursed +0 ring mail
Jewellery
 p - a ring of flight (left hand)
 M - a ring of protection from magic (right hand)
Scrolls
 b - a scroll of random uselessness {unknown}
 d - 4 scrolls of identify {unknown}
 e - 2 scrolls of teleportation {unknown}
 i - a scroll of fog {unknown}
 l - a scroll of remove curse {unknown}
 m - a scroll of enchant weapon {unknown}
 q - 2 scrolls of fear {unknown}
 s - a scroll of noise {unknown}
 t - a scroll of magic mapping {unknown}
Potions
 g - a potion of curing {unknown}
 k - a potion of flight {unknown}
 n - a potion of agility {unknown}
 o - a potion of might {unknown}
Comestibles
 c - 14 rations


   Skills:
 + Level 1.9 Polearms
 - Level 1.7 Dodging
 - Level 2.4 Stealth
 + Level 3.1 Spellcasting
 - Level 0.8 Conjurations
 - Level 8.0 Poison Magic


You had one spell level left.
You knew the following spells:

 Your Spells              Type           Power        Failure   Level  Hunger
a - Sting                 Conj/Pois      ###.         3%          1    #......
b - Poisonous Vapours     Pois/Air       ###...       5%          2    ##.....
c - Olgreb's Toxic Radia  Pois           ####....     7%          4    #####..
x - Mephitic Cloud        Conj/Pois/Air  ##......     17%         3    ###....

Your spell library contained the following spells:

 Spells                   Type           Power        Failure   Level  Hunger
 Venom Bolt               Conj/Pois      ###.......   63%         5    ######.


Dungeon Overview and Level Annotations

Branches:
Dungeon (4/15)
 Temple: D:4-7

Altars:

Annotations:
D:4 3 runed translucent doors, Duvessa; temitten's ghost, amateur NaWn


Innate Abilities, Weirdness & Mutations

You cannot be hasted, slowed, berserked, paralysed or teleported.
You can dig through walls and to a lower floor.
Your four strong arms can wield two-handed weapons with a shield.
You have a pair of large antennae on your head. (SInv)


Message History

Unknown command.
Aim: Duvessa, wielding a +0 short sword and wearing a +0 leather armour (lightly wounded, berserk, fast, unusually strong) That beam is likely to hit you.
Continue anyway?
The ball explodes into a vile cloud!
The stinking cloud engulfs Duvessa but does no damage.
The stinking cloud engulfs you but does no damage.
* * * LOW MAGIC WARNING * * *
Duvessa is engulfed in noxious fumes.
Duvessa barely misses you.
You now have 0/10 mp.
Unknown command.
Duvessa is engulfed in noxious fumes.
Duvessa appears confused.
Duvessa rages.
Duvessa misses you.
You hear a shout!
Duvessa rages.
Duvessa seems less confused.
Your magical contamination has completely faded away.
There is a stone staircase leading up here.
Duvessa hits you with a +0 short sword!
You die...

#...............)......#####
#....................#......
#....................#######
#....................#######
#........................†..
##..)................###.###
##.....##...........###.#
#########..............#
#@e.......)..#.#
##########..##.# #.###.# #.#
... ... .#. ..## . ## ...
....


You could see Duvessa (berserk).

Levels and vault maps discovered:
D:1:      lemuel_arrival_muddy, layout_basic, minmay_pentomino_v4
D:2:      layout_rooms, first_ration, kennysheep_cross_bottleneck, uniq_robin
D:3:      layout_loops_ring, uniq_crazy_yiuf_cottage
D:4:      layout_rooms, gammafunk_ghost_necromancy, uniq_duvessa

Notes
Turn   | Place    | Note
-------+----------+-------------------------------------------
     0 | D:1      | Niddhogr the Formicid Venom Mage began the quest for the
                  | Orb.
     0 | D:1      | Reached XP level 1. HP: 13/13 MP: 3/3
   164 | D:1      | Reached XP level 2. HP: 19/19 MP: 3/5
   168 | D:1      | Learned a level 2 spell: Poisonous Vapours
   336 | D:1      | Identified a +0 club
   339 | D:1      | Reached skill level 5 in Poison Magic
   436 | D:1      | Identified a +0 hand axe (You found it on level 1 of the
                  | Dungeon)
   446 | D:1      | Identified a +0 club
   454 | D:1      | Reached XP level 3. HP: 14/24 MP: 2/6
   460 | D:1      | Learned a level 3 spell: Mephitic Cloud
   606 | D:1      | Identified a +0 spear (You found it on level 1 of the
                  | Dungeon)
   703 | D:1      | Identified a +0 club
   707 | D:1      | Identified a +0 dagger
   920 | D:1      | Identified a +0 dagger
   984 | D:1      | Identified a +0 spear
   989 | D:1      | Reached skill level 6 in Poison Magic
  1065 | D:1      | Reached XP level 4. HP: 29/30 MP: 7/7
  1131 | D:1      | Identified a +0 club
  1265 | D:2      | Identified a +0 short sword
  1288 | D:2      | Identified a +0 spear
  1288 | D:2      | Identified a +0 animal skin
  1288 | D:2      | Identified a +0 helmet
  1288 | D:2      | Noticed Robin
  1288 | D:2      | Identified a +0 dagger
  1307 | D:2      | Identified a cursed -3 club
  1308 | D:2      | Killed Robin
  1308 | D:2      | Identified a +0 dagger
  1340 | D:2      | Identified a +0 club
  1394 | D:2      | Identified a +0 club
  1457 | D:2      | Identified a +0 ring mail
  1548 | D:2      | Identified a +0 spear
  1548 | D:2      | Identified a +0 chain mail
  1608 | D:2      | Identified a +0 short sword
  1618 | D:2      | Reached skill level 7 in Poison Magic
  1962 | D:2      | Reached XP level 5. HP: 33/35 MP: 8/8
  2379 | D:3      | Identified a ring of flight (You found it on level 3 of the
                  | Dungeon)
  2402 | D:3      | Identified a +0 dagger
  2402 | D:3      | Identified a +0 robe
  2405 | D:3      | Identified a +0 leather armour
  2406 | D:3      | Identified a +0 dagger of protection
  2409 | D:3      | Identified a +0 dagger
  2409 | D:3      | Identified a +0 robe
  2469 | D:3      | Reached skill level 8 in Poison Magic
  2518 | D:3      | Identified a +0 hand axe
  2518 | D:3      | Identified a +0 leather armour
  2860 | D:3      | Identified a +0 club
  2888 | D:3      | Identified a ring of protection from magic (You found it on
                  | level 3 of the Dungeon)
  2993 | D:3      | Found a runed translucent door.
  2994 | D:3      | Identified a +4 quarterstaff of chaos
  2994 | D:3      | Identified a +0 cloak
  2994 | D:3      | Noticed Crazy Yiuf
  3001 | D:3      | HP: 7/35 [Crazy Yiuf/+4 quarterstaff of chaos (16)]
  3008 | D:3      | Killed Crazy Yiuf
  3008 | D:3      | Reached skill level 1 in Polearms
  3008 | D:3      | Reached XP level 6. HP: 6/41 MP: 2/9
  3434 | D:3      | Identified a +0 dagger
  3434 | D:3      | Identified a +0 hunting sling
  3553 | D:3      | Identified a +0 club
  3553 | D:3      | Identified a +0 leather armour
  3762 | D:4      | Learned a level 4 spell: Olgreb's Toxic Radiance
  3793 | D:4      | Found a runed translucent gate.
  3793 | D:4      | Found a runed translucent gate.
  3794 | D:4      | Found a runed translucent gate.
  3804 | D:4      | Noticed temitten's ghost (amateur NaWn)
  3842 | D:4      | Identified a +0 dagger
  3842 | D:4      | Identified a +0 robe
  3842 | D:4      | Noticed Dowan
  3851 | D:4      | Identified a +0 short sword
  3851 | D:4      | Identified a +0 leather armour
  3851 | D:4      | Noticed Duvessa
  3856 | D:4      | Killed Dowan
  3856 | D:4      | Reached skill level 3 in Spellcasting
  3875 | D:4      | Slain by Duvessa

Table legend:
 A = Turns spent in this place as a percentage of turns spent in the entire game.
 B = Non-inter-level travel turns spent in this place as a percentage of non-inter-level travel turns spent in the entire game.
 C = Inter-level travel turns spent in this place as a percentage of turns spent in this place.
 D = Turns resting spent in this place as a percentage of non-inter-level travel turns spent in this place.
 E = Turns spent auto-exploring this place as a percentage of non-inter-level travel turns spent in this place.
 F = Non-inter-level travel turns spent in this place divided by the number of levels of this place that you've seen.
                   A       B       C       D       E      F
               +-------+-------+-------+-------+-------+----------------------
         Total | 100.0 | 100.0 |   1.7 |   2.4 |  79.5 | 952.8
       Dungeon | 100.0 | 100.0 |   1.7 |   2.4 |  79.5 | 952.8
               +-------+-------+-------+-------+-------+----------------------

Table legend:
 A = Kills in this place as a percentage of kills in entire the game.
 B = Kills by you in this place as a percentage of kills by you in the entire game.
 C = Kills by friends in this place as a percentage of kills by friends in the entire game.
 D = Other kills in this place as a percentage of other kills in the entire game.
 E = Experience gained in this place as a percentage of experience gained in the entire game.
 F = Experience gained in this place divided by the number of levels of this place that you have seen.
                   A       B       C       D       E      F
               +-------+-------+-------+-------+-------+----------------------
         Total | 100.0 | 100.0 |   N/A |   N/A | 100.0 | 101.5
       Dungeon | 100.0 | 100.0 |   N/A |   N/A | 100.0 | 101.5
               +-------+-------+-------+-------+-------+----------------------

Skill      XL: |  1  2  3  4  5  6 |
---------------+-------------------+-----
Poison Magic   | 5 6 7 8 |  8.0
Polearms       | 1 |  1.9
Spellcasting   | 3 |  3.1
Dodging        | |  1.7
Stealth        | |  2.4
Conjurations   | |  0.8

Action                   |  1- 3 |  4- 6 || total
-------------------------+-------+-------++-------
Melee: Unarmed           |     8 |       ||     8
       Hand axe          |     3 |       ||     3
       Spear             |    45 |   140 ||   185
       Quarterstaff      |       |    24 ||    24
 Cast: Sting             |    31 |    22 ||    53
       Poisonous Vapours |     1 |    16 ||    17
       Mephitic Cloud    |       |     4 ||     4
 Stab: Sleeping          |       |     9 ||     9
  Eat: Chunk             |     1 |    11 ||    12
Armor: Robe              |    12 |    24 ||    36
Dodge: Dodged            |    38 |    80 ||   118

Vanquished Creatures
  Dowan (D:4)
  Crazy Yiuf (D:3)
  2 orc wizards (D:3)
  Robin (D:2)
  A gnoll (D:1)
  2 adders
  3 oozes
  A worm (D:3)
  5 dart slugs
  5 leopard geckos
  4 orcs (D:3)
  4 giant cockroaches
  18 goblins
  9 hobgoblins
  7 kobolds
  A quokka (D:4)
  A ball python (D:4)
  9 bats
  6 frilled lizards
  A jackal skeleton (D:4)
  7 rats
89 creatures vanquished.
